 Dungeon Crawl Stone Soup version 0.28.0-47-ge53b351184 (webtiles) character file.

Game seed: 13527170655921631353

68 Descartes the Grasshopper (level 4, -3/33 HPs)
             Began as a Formicid Warper on May 8, 2022.
             Slain by a gnoll
             ... wielding a +0 halberd
              (6 damage)
             ... on level 2 of the Dungeon.
             The game lasted 00:02:36 (2506 turns).

Descartes the Grasshopper (Formicid Warper)         Turns: 2506, Time: 00:02:37

Health: -3/33      AC:  3    Str: 17    XL:     4   Next: 41%
Magic:  7/7        EV: 11    Int: 13    God:
Gold:   20         SH:  0    Dex: 10    Spells: 7/7 levels left

rFire   . . .      SeeInvis +   a - +0 mace
rCold   . . .      Faith    .   (no shield)
rNeg    . . .      Spirit   .   b - +0 leather armour
rPois   .          Reflect  .   (helmet unavailable)
rElec   .          Harm     .   (no cloak)
rCorr   .          Rampage  .   (no gloves)
Will    .....                   (no boots)
Stlth   +.........              (no amulet)
HPRegen 0.11/turn               (no ring)
MPRegen 0.10/turn               (no ring)

@: no status effects
A: permanent stasis, dig shafts and tunnels, antennae 3, four strong arms
a: Dig, Shaft Self


You were on level 2 of the Dungeon.
You visited 1 branch of the dungeon, and saw 2 of its levels.

You collected 20 gold pieces.

Inventory:

Hand Weapons
 a - a +0 mace (weapon)
Missiles
 c - 5 boomerangs of dispersal (quivered)
 h - 4 javelins
 j - 48 stones
 l - 15 bolts
 m - 20 arrows
Armour
 b - a +0 leather armour (worn)
 o - a +0 ring mail
Scrolls
 i - a scroll of teleportation {unknown}
 k - a scroll of identify {unknown}
 n - a scroll of immolation {unknown}
Potions
 d - a potion of ambrosia {unknown}
 e - a potion of haste {unknown}
 f - a potion of brilliance {unknown}
 g - a potion of curing {unknown}


   Skills:
 - Level 2.1 Fighting
 + Level 2.7 Maces & Flails
 - Level 1.0 Throwing
 + Level 2.2 Armour
 - Level 1.7 Dodging
 + Level 1.9 Shields
 - Level 2.1 Spellcasting
 + Level 3.2 Translocations


You had 7 spell levels left.
You didn't know any spells.
Your spell library contained the following spells:

 Spells                   Type           Power      Damage    Failure   Level
 Gell's Gravitas          Tloc           9%         N/A       24%         3
 Lesser Beckoning         Tloc           9%         N/A       24%         3
 Teleport Other           Tloc           9%         N/A       24%         3
 Manifold Assault         Tloc           9%         N/A       91%         5
 Blink                    Tloc           Unusable   N/A       N/A         2

Dungeon Overview and Level Annotations

Branches:
Dungeon (2/15)

Altars:


Innate Abilities, Weirdness & Mutations

You cannot be hasted, slowed, berserked, paralysed or teleported.
You can dig through walls and to a lower floor.
You have a pair of large antennae on your head. (SInv)
Your four strong arms can wield two-handed weapons with a shield.


Message History

You hit the gnoll.
The gnoll is moderately wounded.
The gnoll hits you with a +0 flail.
You barely miss the gnoll.
The gnoll is moderately wounded.
The gnoll closely misses you.
You closely miss the gnoll.
The gnoll is moderately wounded.
The gnoll misses you. The gnoll barely misses you.
You hit the gnoll but do no damage.
The gnoll is moderately wounded.
The gnoll closely misses you. x2; The gnoll hits you with a +0 flail.
The gnoll closely misses you.
You closely miss the gnoll.
The gnoll is moderately wounded.
The gnoll hits you with a +0 flail. The gnoll barely misses you.
You are too injured to fight recklessly!
You are too injured to fight recklessly!
You are too injured to fight recklessly!
You are too injured to fight recklessly!
You are too injured to fight recklessly!
You are too injured to fight recklessly!
You are too injured to fight recklessly!
You are too injured to fight recklessly!
You are too injured to fight recklessly!
You are too injured to fight recklessly!
You are too injured to fight recklessly!
You are too injured to fight recklessly!
You are too injured to fight recklessly!
You are too injured to fight recklessly!
You are too injured to fight recklessly!
The gnoll hits you with a +0 flail.
The gnoll hits you from afar with a +0 halberd!
* * * LOW HITPOINT WARNING * * *
There is an open door here.
The gnoll closely misses you.
You see here a +0 ring mail.
o - a +0 ring mail The gnoll hits you from afar with a +0 halberd.
You die...

.g...).....#.....# #<....#
####.#######.♣.♣.##########
#..#......♣.♣......#
####.g#....♣♣♣.♣♣♣....#
...#..'...............#
......#{.g.♣♣♣.♣♣♣....#
...##.#.{..g{♣.♣......#
...##.######.♣.♣.######
#..###.###.#....@#...#
.#####..##.#..g..#...#
##......##.#.....#...############
.#.........#.....#...............
##.....#.#########..############.
.......#.##.##.# #### #.
#......#.##.##.####### #.
##..÷..#..#..........# #.
#.....##.#..........# #.


You could see a gnoll.

Vanquished Creatures
  Jessica (D:2)
  A worm (D:2)
  7 ball pythons
  A bat (D:1)
  4 endoplasms
  3 giant cockroaches
  A goblin (D:1)
  7 hobgoblins
  2 quokkas (D:1)
  A frilled lizard (D:2)
  3 kobolds
  4 rats
35 creatures vanquished.

Notes
Turn   | Place    | Note
-------+----------+-------------------------------------------
     0 | D:1      | Descartes the Formicid Warper began the quest for the Orb.
     0 | D:1      | Reached XP level 1. HP: 16/16 MP: 3/3
   339 | D:1      | Reached XP level 2. HP: 16/22 MP: 5/5
   735 | D:1      | Reached skill level 1 in Shields
  1057 | D:1      | Reached skill level 3 in Translocations
  1159 | D:1      | Reached XP level 3. HP: 26/27 MP: 6/6
  2143 | D:2      | Noticed Jessica
  2159 | D:2      | Killed Jessica
  2160 | D:2      | Reached XP level 4. HP: 21/33 MP: 7/7
  2491 | D:2      | HP: 1/33 [gnoll/+0 halberd (11)]
  2506 | D:2      | Slain by a gnoll

Illustrated notes

Levels and vault maps discovered:
D:1:      amcnicky_arrival_flooded_fountain, layout_rooms,
          ebering_dispersal_statue_hall, hangedman_abyss_or_decor_lesser_grid,
          minmay_fountain_box, dk_noncrumbling_4
D:2:      layout_basic, st_stairs_8, kennysheep_minor_cross, uniq_jessica

Skill      XL: |  1  2  3 |
---------------+----------+-----
Shields        | 1 |  1.9
Translocations | 3 |  3.2
Armour         | 2 |  2.2
Fighting       | |  2.1
Maces & Flails | |  2.7
Throwing       | |  1.0
Dodging        | |  1.7
Spellcasting   | |  2.1

Action                   |  1- 3 |  4- 6 || total
-------------------------+-------+-------++-------
Melee: Mace              |    91 |    16 ||   107
       Punch             |       |     1 ||     1
Armor: Leather armour    |    31 |     1 ||    32
Dodge: Dodged            |    56 |    15 ||    71
